 Dungeon Crawl Stone Soup version 0.14.0-9-g9c5475a (webtiles) character file.

226762 pulla180 the Spry (level 18, -12/79 HPs)
             Began as a Spriggan Air Elementalist on Apr 12, 2014.
             Was the Champion of Vehumet.
             Mangled by a skeletal warrior
             ... wielding a +1,+2 scimitar
              (15 damage)
             ... while paralysed by Norris
             ... on Level 14 of the Dungeon on Apr 14, 2014.
             The game lasted 10:49:28 (86163 turns).

pulla180 the Spry (Spriggan Air Elementalist)      Turns: 86163, Time: 10:49:28

HP -12/79        AC  5     Str  6      XL: 18   Next: 19%
MP  12/44        EV  4     Int 25      God: Vehumet [******]
Gold 1024        SH  0     Dex 17      Spells: 14 memorised, 13 levels left

rFire  . . .     SeeInvis +     a - +0 short sword (venom)
rCold  + . .     Clarity  .     w - +0 robe of Optimism {rPois Int+3 Acc+2}
rNeg   . . .     Conserve +     u - +2 buckler
rPois  +         rCorr    .     v - +1 hat
rElec  .         rRot     .     p - +1 cloak
SustAb . .       Spirit   .     (gloves unavailable)
rMut   .         Warding  .     (boots unavailable)
Saprov . . .     Stasis   .     D - amulet of conservation
MR     +++..                    P - ring of protection from cold
                                N - ring of wizardry

@: paralysed, burdened, repel missiles, held, very quick, extremely resistant to
hostile enchantments, stealthy
A: unfitting armour, see invisible, herbivore 3, speed 3, slow metabolism 2
a: Renounce Religion
}: 2/15 runes: decaying, gossamer


You were on level 14 of the Dungeon.
You worshipped Vehumet.
Vehumet was exalted by your worship.
You were encumbered.
You were full.

You visited 8 branches of the dungeon, and saw 40 of its levels.
You visited the Abyss 1 time.
You also visited: Labyrinth and Ossuary.

You collected 3589 gold pieces.
You spent 2565 gold pieces at shops.

Inventory:

Hand weapons
 a - a +0,+0 short sword of venom (weapon)
Armour
 p - a +1 cloak (worn)
 u - a +2 buckler (worn)
 v - a +1 hat (worn)
 w - the +0 robe of Optimism (worn) {rPois Int+3 Acc+2}
   (You found it on level 10 of the Dungeon)

   It affects your intelligence (+3).
   It affects your accuracy with ranged weapons and melee attacks (+2).
   It protects you from poison.
Magical devices
 m - a wand of digging (5)
 n - a wand of heal wounds (4)
 o - a wand of fire (3)
 z - a wand of magic darts (9)
 C - a wand of cold (6)
 J - a wand of teleportation (0)
Comestibles
 k - a royal jelly
 B - 4 bread rations
Scrolls
 b - 4 scrolls of identify
 c - a scroll of recharging
 e - 4 scrolls of teleportation
 j - 3 scrolls of remove curse
 r - a scroll of fog
 y - 3 scrolls of fear
 I - a scroll of vulnerability
Jewellery
 d - the ring "Brinuata" {rF+ rN+}
   (You found it on level 4 of the Swamp)

   [ring of positive energy]

   It protects you from fire.
 h - an uncursed ring of sustain abilities
 A - the ring of the Good {Wiz rF- Str+2 Dex+2}
   (You found it on level 1 of the Spider Nest)

   [ring of wizardry]

   It affects your strength (+2).
   It affects your dexterity (+2).
   It makes you vulnerable to fire.
 D - an amulet of conservation (around neck)
 N - a ring of wizardry (left hand)
 P - a ring of protection from cold (right hand)
Potions
 f - a potion of magic
 g - 6 potions of curing
 i - a potion of flight
 l - 2 potions of might
 q - 2 potions of brilliance
 s - 2 potions of restore abilities
 t - 2 potions of invisibility
 x - 2 potions of haste
 F - 2 potions of heal wounds
 G - 2 potions of agility
 Q - a potion of resistance


   Skills:
 * Level 2.7 Fighting
 + Level 20.5 Dodging
 * Level 8.2 Stealth
 * Level 2.9 Shields
 + Level 20.5 Spellcasting
 - Level 10.6 Conjurations
 - Level 5.9 Charms
 - Level 4.0 Summonings
 - Level 4.0 Fire Magic
 + Level 14.1 Air Magic
 - Level 5.0 Poison Magic
 - Level 3.6 Evocations


You had 13 spell levels left.
You knew the following spells:

 Your Spells              Type           Power        Failure   Level  Hunger
a - Shock                 Conj/Air       ####         0%          1    None
b - Repel Missiles        Chrm/Air       ######       1%          2    None
c - Static Discharge      Conj/Air       ######..     1%          3    None
d - Sting                 Conj/Pois      ####         1%          1    None
e - Lightning Bolt        Conj/Air       ######....   1%          5    None
f - Airstrike             Air            #######...   1%          4    None
g - Summon Lightning Spi  Summ/Air       ######..     1%          4    None
h - Fireball              Conj/Fire      ######....   1%          5    None
i - Conjure Flame         Conj/Fire      ######..     1%          3    None
j - Sticky Flame          Conj/Fire      ######..     1%          4    None
k - Poisonous Cloud       Conj/Pois/Air  ######....   1%          6    ##.....
l - Flight                Chrm/Air       ######....   1%          3    None
m - Summon Butterflies    Summ           #####...     1%          1    None
n - Regeneration          Chrm/Necr      #####.....   1%          3    None


Dungeon Overview and Level Annotations

Branches:
Dungeon (15/15)            Temple (1/1) D:4             Orc (4/4) D:11
    Elf (0/3) Orc:4          Lair (8/8) D:9           Swamp (5/5) Lair:3
 Spider (5/5) Lair:6        Slime (0/6) Lair:7       Vaults (1/5) D:14
 Depths (1/5) D:15

Altars:
Ashenzari
Cheibriados
Dithmenos
Elyvilon
Fedhas
Kikubaaqudgha
Makhleb
Nemelex Xobeh
Okawaru
Sif Muna
Trog
Vehumet
Xom
Yredelemnul
Zin
The Shining One
Beogh

Shops:
D:7 (*}=:   D:12 (   Orc:4 :[:(}

Annotations:
D:14 Norris
Swamp:3 Saint Roka


Innate Abilities, Weirdness & Mutations

You are tiny and cannot use many weapons and most armour.
You have supernaturally acute eyesight.
You are a herbivore.
You cover ground extremely quickly.
You need consume almost no food.


Message History

The unseen horror is covered in liquid flames!
The unseen horror burns!
The unseen horror completely misses you.
The unseen horror burns!
You block the unseen horror's attack.
Norris shouts!
The unseen horror completely misses you.
Norris gestures at you while chanting.
You suddenly lose the ability to move!
The unseen horror burns!
You kill the unseen horror!
Vehumet accepts your kill.
You feel your power returning.
Norris throws a throwing net.
Helpless, you fail to dodge the throwing net.
You become entangled in the net!
The skeletal warrior hits you with a scimitar!
* * * LOW HITPOINT WARNING * * *
The skeletal warrior hits you with a scimitar!
* * * LOW HITPOINT WARNING * * *
The skeletal warrior hits you with a scimitar!
You die...

#%.).###....#....................
#%ยง.#..#....#...............##...
#%..###........)...........###...
########..###..............# #...
####..##..'..###.#.H.......###...
#.........#......#.........#....#
#.........#......................
#........##.....z#.#.#####.......
#........###.#.#@#.#.# #..)).....
#........###.#.#...#.###..(..#^#.
#..................#.##..........
#..........C.#.#...#.##..........
.............#.#...#.##..(.......
.#.#.#.#.#...#.....#(.((.......##
#.#.#.#.#....####@.#.#########.#.
.#.#.#.#.###....)..#.............
#.#.#.#.#.........###....####....


You could see Norris, a skeletal warrior and a tengu warrior (wandering).

Vanquished Creatures
  Rupert (Lair:7)
  Agnes (Swamp:4)
  Frances (D:15)
  A thorn hunter (Swamp:4)
  An orc warlord (Orc:3)
  Louise (Swamp:3)
  6 emperor scorpions
  Jorgrun (Swamp:5)
  A fire dragon (Vaults:1)
  A yaktaur captain (D:15)
  A ravenous item mimic (Swamp:3)
  14 hydras
  4 ice dragons (Swamp:5)
  A shambling mangrove (Swamp:5)
  Nessos (Swamp:1)
  2 alligators (Swamp:3)
  A deep troll shaman (Lair:8)
  6 orc high priests (Orc:4)
  12 death yaks
  3 centaur warriors
  8 spriggans
  2 very ugly things
  2 catoblepae
  3 skeletal warriors (Vaults:1)
  5 unseen horrors
  A large abomination (Abyss:1)
  22 orb spiders
  A spriggan druid (Swamp:4)
  3 swamp dragons (Swamp:3)
  5 hill giants
  6 orc knights
  A deep elf conjurer (Orc:4)
  9 red wasps
  An orc sorcerer (Orc:4)
  4 griffons
  25 wolf spiders
  5 cyclopes
  A manticore (D:15)
  An apocalypse crab (Abyss:1)
  A mermaid (shapeshifter) (D:15)
  3 elephants (Lair:8)
  4 moths of wrath
  3 vapours
  2 gargoyles
  3 black mambas
  27 spiny frogs
  2 yaktaurs (D:15)
  A smoke demon (D:15)
  11 trolls
  5 freezing wraiths
  9 demonic crawlers
  A deep elf priest (Orc:4)
  A tengu conjurer (D:14)
  Grinder (D:6)
  A minotaur zombie (Lab)
  8 giant fireflies
  6 komodo dragons
  A hellwing (D:15)
  5 two-headed ogres
  22 jumping spiders
  A giant firefly (shapeshifter) (D:15)
  A fire drake (Lair:7)
  Sonja (Orc:4)
  A hydra skeleton (D:8)
  Prince Ribbit (D:6)
  7 giant leeches
  11 slime creatures
  13 blink frogs
  5 ravens
  A basilisk (Lair:5)
  5 boulder beetles
  8 bog bodies
  A grizzly bear (Lair:8)
  14 humans
  33 redbacks
  18 trapdoor spiders
  A vampire (D:15)
  4 deep elf magi
  33 tarantellas
  3 thorn lotuses
  2 wyverns
  27 ugly things
  3 hungry ghosts
  3 elephant slugs
  51 yaks
  15 hydra simulacra (Swamp:5)
  4 shadows
  5 deep elf fighters
  6 swamp worm simulacra (Swamp:5)
  8 hippogriffs
  3 sharks
  3 wargs
  7 wolves
  Menkaure (D:6)
  26 vampire mosquitoes
  21 water moccasins
  2 necrophages
  34 swamp worms
  8 swamp drakes
  A sky beast (D:15)
  17 porcupines
  33 orc warriors
  3 phantoms
  32 spiders
  6 giant goldfish
  14 centaurs
  A soldier ant (D:13)
  A yellow wasp (Spider:5)
  3 ice beasts
  8 ogres
  18 crocodiles
  3 big kobolds
  A boring beetle (Lair:8)
  3 elf zombies (Ossuary)
  10 giant slugs
  22 giant frogs
  An ogre simulacrum (Vaults:1)
  2 eyes of draining (D:10)
  12 insubstantial wisps
  15 killer bees
  A gnoll sergeant (D:6)
  3 scorpions
  2 electric eels
  7 goliath beetles
  2 pulsating lumps (Lair:7)
  A troll skeleton (Lab)
  8 crimson imps
  4 big fish
  7 centaur zombies
  A giant frog zombie (D:6)
  A gnoll shaman (D:10)
  5 jellies
  A quasit (D:8)
  3 human zombies (Ossuary)
  37 orc priests
  A black bear skeleton (D:6)
  16 hounds
  A kobold skeleton (D:8)
  Natasha (D:3)
  12 iguanas
  26 orc wizards
  6 worker ants
  8 sheep
  A brain worm zombie (D:9)
  A mottled dragon skeleton (D:15)
  4 mummies
  16 green rats
  21 adders
  18 gnolls
  4 shadow imps
  5 giant mites
  13 worms
  An ufetubus (D:15)
  An iguana zombie (D:9)
  2 swamp drake simulacra (Swamp:5)
  3 adder skeletons
  4 giant eyeballs
  15 giant geckos
  2 oozes
  173 orcs
  15 bats
  8 giant cockroaches
  18 hobgoblins
  35 kobolds
  14 quokkas
  2 ball pythons
  4 giant newts
  2 giant spores (D:15)
  20 goblins
  A goblin skeleton (D:4)
  A goblin zombie (Orc:4)
  30 jackals
  A jackal zombie (D:6)
  An orc skeleton (D:10)
  21 rats
  21 ballistomycetes (D:15)
  A bush (Lair:8)
  7 fungi
  12 plants
1531 creatures vanquished.

Vanquished Creatures (collateral kills)
  Donald (D:13)
  Wiglaf (Vaults:1)
  A ghost moth (Spider:5)
  A minotaur (Lab)
  Josephine (D:9)
  The ghost of imganon the Severer, a powerful DsBe of Trog (Lair:3)
  An alligator (Swamp:3)
  7 death yaks
  3 centaur warriors
  Nergalle (Lair:8)
  A catoblepas (Lair:8)
  2 orb spiders
  An unseen horror (D:15)
  3 orc knights
  6 wolf spiders
  2 oklob plants
  A black mamba (Lair:8)
  A vault sentinel (Vaults:1)
  A gargoyle (D:14)
  An efreet (D:14)
  A demonic crawler (Spider:4)
  A jumping spider (Spider:3)
  5 blink frogs
  A slime creature (Swamp:2)
  A tarantella (Spider:3)
  5 redbacks
  3 trapdoor spiders (Spider:5)
  3 yaks
  2 deep elf magi
  2 wolves (Orc:4)
  2 humans (D:14)
  2 ugly things (D:11)
  Grum (Orc:4)
  2 vampire mosquitoes (Swamp:3)
  2 hill giant skeletons
  A spider (Spider:2)
  A yellow wasp (Spider:5)
  4 orc warriors
  A porcupine (Lair:3)
  3 crocodiles
  A big kobold (D:13)
  3 giant frogs
  2 eyes of draining
  A troll skeleton (Lab)
  A yak skeleton (D:10)
  3 orc priests
  An ogre skeleton (D:10)
  An ogre simulacrum (D:10)
  8 orcs
  3 kobolds (D:13)
  2 plants (Lair:8)
106 creatures vanquished.

Vanquished Creatures (others)
  A thorn hunter (Swamp:5)
  A skeletal warrior (Vaults:1)
  A giant leech (Swamp:5)
  A water moccasin (Swamp:1)
  32 lightning spires
  An orc (D:14)
  A bat (D:7)
  3 giant spores (D:15)
  3 ballistomycetes (D:15)
  5 bushes
  9 fungi
  18 plants
76 creatures vanquished.

Grand Total: 1713 creatures vanquished

Notes
Turn   | Place    | Note
--------------------------------------------------------------
     0 | D:1      | pulla180, the Spriggan Air Elementalist, began the quest for the Orb.
     0 | D:1      | Reached XP level 1. HP: 9/9 MP: 4/4
   196 | D:1      | Gained mutation: Your system is resistant to poisons. [potion of beneficial mutation]
   450 | D:1      | Reached skill level 1 in Conjurations
   450 | D:1      | Reached XP level 2. HP: 13/13 MP: 1/7
  1273 | D:2      | Reached XP level 3. HP: 16/16 MP: 4/11
  1331 | D:2      | Learned a level 2 spell: Repel Missiles
  1335 | D:2      | Learned a level 3 spell: Static Discharge
  1604 | D:2      | Reached XP level 4. HP: 21/21 MP: 3/14
  2180 | D:2      | Reached skill level 4 in Spellcasting
  2745 | D:3      | Reached XP level 5. HP: 24/24 MP: 15/18
  2900 | D:3      | Reached skill level 1 in Charms
  3226 | D:3      | Noticed Natasha
  3235 | D:3      | Killed Natasha
  3921 | D:4      | Found a staircase to the Ecumenical Temple.
  3983 | D:4      | Reached XP level 6. HP: 25/28 MP: 4/20
  4088 | D:4      | Found a sand-covered staircase.
  4133 | Ossuary  | Entered an ossuary
  4335 | Ossuary  | Reached skill level 5 in Spellcasting
  4687 | Ossuary  | Reached XP level 7. HP: 29/32 MP: 1/22
  5787 | D:4      | Reached skill level 6 in Spellcasting
  6293 | Temple   | Entered the Ecumenical Temple
  6539 | Temple   | Became a worshipper of Vehumet
  6663 | D:4      | Reached XP level 8. HP: 36/36 MP: 22/25
  6785 | D:5      | Entered Level 5 of the Dungeon
  6802 | D:5      | Reached skill level 5 in Air Magic
  6962 | D:5      | Found a white marble altar of Elyvilon.
  7211 | D:5      | Reached skill level 5 in Dodging
  7211 | D:5      | Reached skill level 7 in Spellcasting
  7453 | D:5      | Found a deep blue altar of Sif Muna.
  7463 | D:5      | Acquired Vehumet's first power
  7463 | D:5      | Offered knowledge of Sting by Vehumet.
  7466 | D:5      | Learned a level 1 spell: Sting
  7870 | D:6      | Found a shimmering altar of Xom.
  7919 | D:6      | Reached skill level 5 in Conjurations
  7985 | D:6      | Noticed Prince Ribbit
  8001 | D:6      | Killed Prince Ribbit
  8189 | D:6      | Noticed Menkaure
  8204 | D:6      | Killed Menkaure
  8204 | D:6      | Reached XP level 9. HP: 24/39 MP: 15/27
  8803 | D:6      | Noticed Grinder
  8843 | D:6      | Killed Grinder
  9037 | D:6      | Paralysed by a giant eyeball for 3 turns
  9044 | D:6      | Offered knowledge of Flame Tongue by Vehumet.
  9386 | D:7      | Found Qaagoel's Jewellery Emporium.
  9576 | D:6      | Reached skill level 8 in Dodging
  9787 | D:7      | Found Upomoomimau's Antique Weapon Shoppe.
  9820 | D:6      | Reached skill level 9 in Dodging
  9968 | D:7      | Found Stroti Daa's General Store.
 10001 | D:7      | Reached skill level 10 in Dodging
 10063 | D:7      | Bought a scroll of identify for 24 gold pieces
 10063 | D:7      | Bought a scroll of identify for 24 gold pieces
 10064 | D:7      | Bought a scroll of teleportation for 36 gold pieces
 10087 | D:7      | Found Laenaon's Gadget Boutique.
 10313 | D:7      | Found Qyrruiso's Book Shop.
 10430 | D:8      | Offered knowledge of Inner Flame by Vehumet.
 10473 | D:8      | Found a shattered altar of Ashenzari.
 10641 | D:8      | Acquired Vehumet's second power
 11292 | D:8      | Found a basalt altar of Yredelemnul.
 11292 | D:8      | Found a burning altar of Makhleb.
 11380 | D:8      | Reached XP level 10. HP: 44/44 MP: 15/29
 11451 | D:8      | Learned a level 5 spell: Lightning Bolt
 11495 | D:9      | Offered knowledge of Mephitic Cloud by Vehumet.
 12156 | D:9      | Reached skill level 11 in Dodging
 12199 | D:9      | Acquired Vehumet's third power
 12231 | D:9      | Found a staircase to the Lair.
 12600 | D:9      | You fall through a shaft for 3 floors!
 12684 | D:12     | Noticed a hill giant
 12712 | D:11     | Noticed a cyclops
 12724 | D:10     | Entered Level 10 of the Dungeon
 12725 | D:10     | Offered knowledge of Airstrike by Vehumet.
 12731 | D:10     | Learned a level 4 spell: Airstrike
 13139 | Lair:1   | Entered Level 1 of the Lair of Beasts
 14970 | Lair:1   | Reached skill level 10 in Spellcasting
 14970 | Lair:1   | Reached XP level 11. HP: 33/47 MP: 14/32
 15181 | Lair:1   | Noticed a catoblepas
 15251 | Lair:2   | Offered knowledge of Iron Shot by Vehumet.
 16346 | Lair:2   | Learned a level 4 spell: Summon Lightning Spire
 16869 | D:10     | Noticed Josephine
 17611 | D:10     | Got a tattered robe
 17612 | D:10     | Identified the +0 robe of Optimism {rPois Int+3 Acc+2} (You found it on level 10 of the Dungeon)
 17873 | D:10     | Reached skill level 1 in Summonings
 19582 | D:11     | Found a staircase to the Orcish Mines.
 19720 | D:11     | Killed a cyclops
 19720 | D:11     | Reached skill level 12 in Dodging
 19934 | Orc:1    | Entered Level 1 of the Orcish Mines
 20099 | Orc:1    | Offered knowledge of Bolt of Fire by Vehumet.
 20251 | D:9      | Killed Josephine
 20251 | D:9      | Reached XP level 12. HP: 44/51 MP: 22/33
 20417 | D:7      | Bought a book of the Sky for 715 gold pieces
 20801 | Lair:2   | Reached skill level 5 in Charms
 20885 | Lair:2   | Identified a scroll of acquirement
 20893 | Lair:2   | Learned a level 5 spell: Fireball
 21339 | Lair:3   | Noticed imganon's ghost (powerful DsBe)
 21918 | Lair:3   | Found a staircase to the Swamp.
 22246 | Lair:3   | Reached skill level 10 in Air Magic
 22383 | Lair:3   | Learned a level 3 spell: Conjure Flame
 22887 | Lair:3   | Reached skill level 1 in Fire Magic
 23294 | Lair:3   | Reached skill level 13 in Dodging
 23367 | Lair:3   | Killed imganon's ghost
 24078 | Lair:3   | Learned a level 4 spell: Sticky Flame
 25081 | Lair:1   | Killed a catoblepas
 25446 | Lair:5   | Noticed a seven-headed hydra
 25725 | Lair:4   | HP: 1/51 [black mamba (17)]
 26200 | Lair:5   | Killed a seven-headed hydra
 26449 | Lair:5   | Reached skill level 10 in Conjurations
 27465 | Lair:5   | Reached XP level 13. HP: 55/55 MP: 22/35
 27595 | Lair:5   | Offered knowledge of Spellforged Servitor by Vehumet.
 28197 | Lair:1   | Upgraded the game from 0.14.0-6-g1bc2dff to 0.14.0-7-g2801ba0
 29758 | Orc:3    | Reached skill level 5 in Stealth
 29971 | Orc:3    | Found a roughly hewn altar of Beogh.
 30448 | Orc:4    | Entered Level 4 of the Orcish Mines
 30486 | Orc:4    | Noticed Sonja
 30496 | Orc:4    | Killed Sonja
 30581 | Orc:4    | Found Straexe's Gadget Shoppe.
 30672 | Orc:4    | Found a staircase to the Elven Halls.
 30692 | Orc:4    | Found a bloodstained altar of Trog.
 30723 | Orc:4    | Noticed Grum
 30729 | Orc:4    | Killed Grum
 31019 | Orc:4    | Found a labyrinth entrance.
 31027 | Lab      | Entered a labyrinth
 31821 | Orc:4    | Offered knowledge of Bolt of Draining by Vehumet.
 32002 | Orc:4    | Noticed an orc warlord
 33113 | Lair:6   | Found a hole to the Spider Nest.
 33944 | Lair:7   | Noticed Rupert
 33966 | Lair:7   | Killed Rupert
 34272 | Lair:7   | Reached skill level 14 in Spellcasting
 34518 | Lair:7   | Found a staircase to the Slime Pits.
 35272 | Lair:7   | Lost mutation: Your system is resistant to poisons. [potion of cure mutation]
 35678 | Lair:7   | Offered knowledge of Ozocubu's Refrigeration by Vehumet.
 36366 | D:12     | Found Shriha's Weapon Shop.
 37084 | D:12     | Killed a hill giant
 37353 | D:12     | Reached XP level 14. HP: 59/59 MP: 8/38
 37554 | D:12     | Reached skill level 15 in Spellcasting
 39062 | D:13     | Paralysed by a giant eyeball for 4 turns
 39967 | D:14     | Found a gate to the Vaults.
 39967 | D:14     | Noticed Norris
 39967 | D:14     | Noticed Donald
 40378 | D:13     | Killed Donald
 40669 | D:14     | Offered knowledge of Poisonous Cloud by Vehumet.
 40677 | D:14     | Learned a level 6 spell: Poisonous Cloud
 41112 | D:14     | Reached skill level 1 in Poison Magic
 41486 | D:14     | Paralysed by Norris for 5 turns
 42208 | D:14     | Reached skill level 16 in Spellcasting
 42892 | D:15     | Entered Level 15 of the Dungeon
 43142 | D:15     | Reached skill level 15 in Dodging
 43562 | D:15     | Found a staircase to the Depths.
 43901 | D:15     | Noticed Frances
 44432 | D:15     | Killed Frances
 45627 | D:15     | Offered knowledge of Poison Arrow by Vehumet.
 46866 | Spider:1 | Entered Level 1 of the Spider Nest
 47310 | Lair:8   | Entered Level 8 of the Lair of Beasts
 47435 | Lair:8   | Noticed Nergalle
 47446 | Lair:8   | Killed Nergalle
 47446 | Lair:8   | Reached skill level 17 in Dodging
 47570 | Lair:8   | Reached XP level 15. HP: 63/63 MP: 16/39
 47935 | Lair:8   | Reached skill level 5 in Poison Magic
 48964 | Lair:8   | Reached skill level 18 in Dodging
 49853 | Lair:8   | Reached skill level 19 in Dodging
 50631 | Orc:3    | Killed an orc warlord
 53950 | Orc:4    | Upgraded the game from 0.14.0-7-g2801ba0 to 0.14.0-9-g9c5475a
 54542 | Orc:4    | Found Blegaris' Armour Boutique.
 54542 | Orc:4    | Found Ciulug's Antique Weapon Shop.
 54542 | Orc:4    | Found Schelucism's Book Shop.
 54543 | Orc:4    | Found Noxuodd's Book Shop.
 54557 | Orc:4    | Bought a Grand Grimoire for 1766 gold pieces
 55634 | Spider:1 | Got a scintillating jade ring
 56606 | Spider:2 | Offered knowledge of Fire Storm by Vehumet.
 56606 | Spider:2 | Offered knowledge of Glaciate by Vehumet.
 56606 | Spider:2 | Offered knowledge of Chain Lightning by Vehumet.
 57245 | Spider:2 | Reached XP level 16. HP: 67/67 MP: 7/40
 57946 | Lair:1   | Identified the ring of the Good {Wiz rF- Str+2 Dex+2} (You found it on level 1 of the Spider Nest)
 61668 | Spider:4 | Reached skill level 20 in Dodging
 63602 | Spider:5 | Entered Level 5 of the Spider Nest
 69542 | Spider:5 | Reached XP level 17. HP: 70/70 MP: 7/42
 70373 | Spider:5 | Got a gossamer rune of Zot
 70627 | Swamp:1  | Entered Level 1 of the Swamp
 72074 | Swamp:1  | Noticed Nessos
 72077 | Swamp:1  | Killed Nessos
 75651 | Swamp:4  | Noticed Louise
 75711 | Swamp:3  | Killed Louise
 76407 | Lair:3   | Cast into the Abyss (distortion unbrand)
 76413 | Abyss:1  | Found a corrupted altar of Lugonu.
 76573 | Abyss:1  | Noticed a hellephant
 76612 | Lair:3   | Escaped the Abyss
 77135 | Lair:1   | Learned a level 3 spell: Flight
 77137 | Lair:1   | Learned a level 1 spell: Summon Butterflies
 77141 | Lair:1   | Learned a level 3 spell: Regeneration
 77335 | Swamp:3  | Reached skill level 1 in Evocations
 77553 | Swamp:4  | Noticed Agnes
 77556 | Swamp:4  | Noticed Saint Roka
 79130 | Swamp:4  | Reached skill level 1 in Shields
 79151 | Swamp:4  | Killed Agnes
 79173 | Swamp:4  | Reached skill level 1 in Fighting
 79969 | Swamp:4  | Got a slimy brass ring
 79972 | Swamp:4  | Identified the ring "Brinuata" {rF+ rN+} (You found it on level 4 of the Swamp)
 81064 | Swamp:5  | Entered Level 5 of the Swamp
 81256 | Swamp:5  | Noticed Jorgrun
 81264 | Swamp:5  | Killed Jorgrun
 83418 | Swamp:5  | Reached XP level 18. HP: 75/78 MP: 4/44
 84379 | Swamp:5  | Got a decaying rune of Zot
 84970 | Depths:1 | Entered Level 1 of the Depths
 85023 | Vaults:1 | Entered Level 1 of the Vaults
 85280 | Vaults:1 | Noticed Wiglaf
 86091 | Vaults:1 | Killed Wiglaf
 86159 | D:14     | Paralysed by Norris for 4 turns
 86162 | D:14     | HP: 3/79 [skeletal warrior/scimitar (10)]
 86163 | D:14     | Mangled by a skeletal warrior

Action                   |  1- 3 |  4- 6 |  7- 9 | 10-12 | 13-15 | 16-18 || total
-------------------------+-------+-------+-------+-------+-------+-------++-------
Melee: Dagger            |       |       |       |    85 |   227 |    15 ||   327
       Short sword       |       |       |       |       |       |    25 ||    25
 Cast: Shock             |    67 |   223 |   534 |   916 |  1271 |    72 ||  3083
       Static Discharge  |       |     7 |     7 |    94 |   111 |   198 ||   417
       Repel Missiles    |       |     1 |     3 |     2 |     7 |     1 ||    14
       Sting             |       |       |    57 |   207 |   237 |     5 ||   506
       Lightning Bolt    |       |       |       |    14 |   343 |   677 ||  1034
       Airstrike         |       |       |       |     8 |    30 |   112 ||   150
       Summon Lightning  |       |       |       |    24 |    72 |    50 ||   146
       Conjure Flame     |       |       |       |    19 |   135 |    60 ||   214
       Fireball          |       |       |       |    16 |    37 |   109 ||   162
       Sticky Flame      |       |       |       |     1 |    22 |    42 ||    65
       Poisonous Cloud   |       |       |       |       |     2 |     1 ||     3
       Regeneration      |       |       |       |       |       |     5 ||     5
       Flight            |       |       |       |       |       |     5 ||     5
Evoke: Wand              |       |       |     2 |     8 |    12 |     9 ||    31
  Use: Potion            |     1 |     2 |     3 |    11 |     5 |     6 ||    28
       Scroll            |       |    10 |     8 |    12 |     9 |    11 ||    50
